 Dungeon Crawl Stone Soup version 0.18.1-50-g88ac8fd (webtiles) character file.

1325 Franakus the Conjurer (level 8, 0/43 HPs)
             Began as a Deep Elf Conjurer on Oct 27, 2016.
             Slain by a wolf (6 damage)
             ... led by Grum
             ... on level 8 of the Dungeon.
             The game lasted 01:08:31 (5240 turns).

Franakus the Conjurer (Deep Elf Conjurer)           Turns: 5240, Time: 01:08:32

Health: 0/43       AC: 14    Str:  5    XL:     8   Next: 34%
Magic:  20/20      EV: 16    Int: 23    God:
Gold:   243        SH:  0    Dex: 15    Spells: 5 memorised, 10 levels left

rFire  + . .     SeeInvis .     A - +1 short sword (protect)
rCold  . . .     Gourm    .     a - +2 robe
rNeg   . . .     Faith    .     (no shield)
rPois  .         Spirit   .     x - +2 hat
rElec  .         Dismiss  .     o - +2 cloak
rCorr  .         Reflect  .     (no gloves)
SustAt .         Harm     .     (no boots)
MR     .....                    (no amulet)
Stlth  +++.......               (no ring)
                                f - ring of protection from fire

@: not resistant to hostile enchantments, fairly stealthy
A: no striking features
a: no special abilities


You were on level 8 of the Dungeon.
You were not hungry.

You visited 2 branches of the dungeon, and saw 9 of its levels.

You collected 243 gold pieces.

Inventory:

Hand Weapons
 d - a +0 dagger
 n - a +1 short sword of draining
 p - a +1 war axe of venom
 s - a +0 dagger
 A - a +1 short sword of protection (weapon)
 B - a +0 spear of flaming
 J - a +3 dagger
Armour
 a - a +2 robe (worn)
 o - a +2 cloak (worn)
 x - a +2 hat (worn)
 K - a +0 cloak of invisibility
Magical Staves
 g - an uncursed staff of air
Jewellery
 f - a ring of protection from fire (left hand)
Wands
 j - a wand of lightning (3/15)
 r - a wand of random effects (26/48)
Scrolls
 i - 3 scrolls of identify
 m - 2 scrolls of immolation
 u - 2 scrolls of amnesia
 y - 2 scrolls of fog
 I - a scroll of enchant weapon {unknown}
 L - a scroll of enchant armour
Potions
 e - a potion of might {unknown}
 h - a potion of lignification
 k - 3 potions of curing
 l - 2 potions of resistance
 q - a potion of haste {unknown}
 w - a potion of flight
 z - a potion of brilliance {unknown}
 F - a potion of invisibility {unknown}
 G - a potion of heal wounds {unknown}
Books
 b - a book of Conjurations

   Spells                             Type                      Level
   a - Magic Dart                     Conjuration                  1
   b - Searing Ray                    Conjuration                  2
   c - Dazzling Spray                 Conjuration/Hexes            3
   d - Fulminant Prism                Conjuration/Hexes            4
   e - Iskenderun's Mystic Blast      Conjuration                  4
   f - Iskenderun's Battlesphere      Conjuration/Charms           5
 t - a book of Party Tricks

   Spells                             Type                      Level
   a - Summon Butterflies             Summoning                    1
   b - Apportation                    Translocation                1
   c - Tukima's Dance                 Hexes                        3
   d - Alistair's Intoxication        Transmutation/Poison         5
   e - Invisibility                   Hexes                        6
Comestibles
 c - 6 bread rations
 v - a slice of pizza
 H - a meat ration


   Skills:
 + Level 1.6 Fighting
 + Level 0.6 Staves
 - Level 0.1 Armour
 + Level 7.1 Dodging
 + Level 4.3 Stealth
 + Level 7.0 Spellcasting
 + Level 7.3 Conjurations
 + Level 1.9 Evocations


You had 10 spell levels left.
You knew the following spells:

 Your Spells              Type           Power        Failure   Level  Hunger
a - Magic Dart            Conj           ####         1%          1    None
b - Searing Ray           Conj           #####.       1%          2    None
c - Dazzling Spray        Conj/Hex       ####..       8%          3    None
d - Iskenderun's Mystic   Conj           #####...     4%          4    ###....
e - Apportation           Tloc           #.........   10%         1    None


Dungeon Overview and Level Annotations

Branches:
Dungeon (8/15)             Temple (1/1) D:5
   Lair: D:8-11

Altars:
Fedhas
Nemelex Xobeh
Okawaru
Pakellas
Qazlal
Ru
Sif Muna
Trog
Yredelemnul
Zin
The Shining One


Message History

Press: ? - help, Shift-Dir - straight line, f - wolf
Aim: a wolf The wolf flickers and vanishes!
Deactivating autopickup; reactivate with Ctrl-A.
This wand has 27 charges left.
The wolf misses you. Something bites you!
* * * LOW HITPOINT WARNING * * *
The wolf bites you but does no damage. Something bites you.
* * * LOW HITPOINT WARNING * * *
The wolf barely misses you. Something bites you but does no damage.
Something barely misses you. The wolf barely misses you.
The wolf closely misses you.
Evoke which item? (* to show all) (? for menu, Esc to quit)
That item cannot be evoked!
Evoke which item? (* to show all) (? for menu, Esc to quit)
Zapping:
r - a wand of random effects (27/48)
Press: ? - help, Shift-Dir - straight line, f - wolf
Aim: a wolf The puff of flame misses the wolf.
This wand has 26 charges left.
The wolf bites you.
You die...

h. #'
#.#####
.)...#
#....#
#....#
#....#
#.h..#
#..@.#
######


You could see a wolf.

Vanquished Creatures
  Grum (D:8)
  Menkaure (D:5)
  A water moccasin (D:6)
  An orc warrior (D:6)
  An ogre (D:4)
  2 wolves (D:8)
  2 orc priests
  A giant frog zombie (D:5)
  A hound (D:6)
  A giant frog skeleton (D:7)
  A centaur skeleton (D:6)
  An iguana (D:7)
  3 orc wizards
  3 worker ants
  A hound skeleton (D:5)
  A worker ant zombie (D:6)
  Robin (D:2)
  7 adders
  5 gnolls
  2 adder zombies
  An adder skeleton (D:4)
  3 worms
  The ghost of Franakus the Conjurer, a weakling DECj (D:4)
  2 giant geckos
  13 orcs
  2 giant cockroaches (D:4)
  20 goblins
  7 hobgoblins
  14 jackals
  2 quokkas
  A ball python (D:5)
  10 bats
  A giant gecko zombie (D:7)
  3 giant newts
  9 kobolds
  A quokka skeleton (D:5)
  8 rats
135 creatures vanquished.

Notes
Turn   | Place    | Note
--------------------------------------------------------------
     0 | D:1      | Franakus the Deep Elf Conjurer began the quest for the Orb.
     0 | D:1      | Reached XP level 1. HP: 10/10 MP: 6/6
   191 | D:1      | Reached XP level 2. HP: 15/15 MP: 5/8
   195 | D:1      | Learned a level 2 spell: Searing Ray
   274 | D:1      | You fall through a shaft!
   323 | D:4      | Noticed an ogre
   395 | D:3      | Reached skill level 5 in Conjurations
   396 | D:3      | Reached XP level 3. HP: 15/19 MP: 2/9
   688 | D:5      | Entered Level 5 of the Dungeon
   808 | D:4      | Noticed Franakus's ghost (weakling DECj)
   829 | D:4      | Killed Franakus's ghost
  1013 | D:5      | Noticed an orc warrior
  1019 | D:5      | Noticed Menkaure
  1045 | D:5      | Reached XP level 4. HP: 7/24 MP: 8/11
  1053 | D:5      | Killed Menkaure
  1053 | D:5      | Reached XP level 5. HP: 5/28 MP: 9/13
  1086 | D:5      | Learned a level 3 spell: Dazzling Spray
  1091 | D:5      | Learned a level 4 spell: Iskenderun's Mystic Blast
  1172 | D:5      | Found a deep blue altar of Sif Muna.
  1471 | D:5      | Found a staircase to the Ecumenical Temple.
  1497 | Temple   | Entered the Ecumenical Temple
  1738 | D:5      | Reached XP level 6. HP: 33/33 MP: 13/15
  1948 | D:5      | Reached skill level 5 in Spellcasting
  1991 | D:4      | Reached skill level 5 in Dodging
  2021 | D:3      | Found a glowing golden altar of the Shining One.
  2096 | D:2      | Noticed Robin
  2675 | D:2      | Killed Robin
  3078 | D:2      | Reached XP level 7. HP: 30/37 MP: 11/16
  3135 | D:3      | Learned a level 4 spell: Iskenderun's Mystic Blast
  3137 | D:3      | Learned a level 1 spell: Apportation
  3237 | D:3      | Reached skill level 1 in Fighting
  3273 | D:3      | Found a basalt altar of Yredelemnul.
  3489 | D:4      | Reached skill level 1 in Evocations
  4963 | D:7      | Reached XP level 8. HP: 43/43 MP: 11/19
  4992 | D:8      | Noticed Grum
  5013 | D:8      | HP: 2/43 [wolf[Grum] (5)]
  5236 | D:8      | Killed Grum
  5240 | D:8      | Slain by a wolf

Skill      XL: |  1  2  3  4  5  6  7  8 |
---------------+-------------------------+-----
Conjurations   | 5 6 7 |  7.3
Dodging        | 3 4 5 6 7 |  7.1
Spellcasting   | 4 5 6 7 |  7.0
Stealth        | 3 4 |  4.3
Fighting       | 1 |  1.6
Evocations     | 1 |  1.9
Staves         | |  0.6
Armour         | |  0.1

Action                   |  1- 3 |  4- 6 |  7- 9 || total
-------------------------+-------+-------+-------++-------
Melee: Quarterstaff      |     6 |       |       ||     6
       War axe           |       |    52 |       ||    52
       Short sword       |       |       |    63 ||    63
 Cast: Magic Dart        |    26 |    48 |    47 ||   121
       Searing Ray       |    11 |     8 |    13 ||    32
       Iskenderun's Myst |       |       |    10 ||    10
Evoke: Wand              |       |     5 |    13 ||    18
  Use: Scroll            |     8 |     7 |     6 ||    21
       Potion            |       |       |     4 ||     4
 Stab: Sleeping          |       |     2 |     1 ||     3
  Eat: Chunk             |     1 |     2 |     8 ||    11
       Royal jelly       |       |     1 |       ||     1
       Pizza             |       |       |     1 ||     1
Armor: Robe              |    15 |    23 |    41 ||    79
       Ring mail         |       |    12 |       ||    12
Dodge: Dodged            |    48 |   119 |   100 ||   267
